 Dungeon Crawl Stone Soup version 0.27-a0-972-gd1521fd518 (webtiles) character file.

Game seed: 16056512583541360732

121 wilfster70 the Magician (level 5, 0/38 HPs)
             Began as a Djinni Fire Elementalist on Apr 13, 2021.
             Slain by an iguana (10 damage)
             ... on level 3 of the Dungeon.
             The game lasted 00:06:42 (3257 turns).

wilfster70 the Magician (Djinni Fire Elementalist)  Turns: 3257, Time: 00:06:43

Health: 0/38       AC:  3    Str:  7    XL:     5   Next: 5%
Gold:   80         EV: 12    Int: 17    God:
                   SH:  5    Dex: 14

rFire    + + .     SeeInvis .   a - +1 short sword (speed)
rCold    x . .     Faith    .   (no shield)
rNeg     . . .     Spirit   .   b - +0 leather armour
rPois    ∞         Reflect  +   (no helmet)
rElec    .         Harm     .   (no cloak)
rCorr    .         Rampage  .   (no gloves)
Will     .....                  (boots unavailable)
Stlth    ++........             g - amulet of reflection
HPRegen  0.12/turn              (no ring)
MPRegen  0.00/turn              (no ring)

@: flying
A: fire resistance 2, cold vulnerability 1, float, innate caster, hp casting,
extra vitality 1
a: no special abilities


You were on level 3 of the Dungeon.
You visited 1 branch of the dungeon, and saw 3 of its levels.

You collected 80 gold pieces.

Inventory:

Hand Weapons
 a - a +1 short sword of speed (weapon)
Missiles
 c - 16 sling bullets
 e - 38 stones
Armour
 b - a +0 leather armour (worn)
Jewellery
 g - an amulet of reflection (around neck)
Scrolls
 d - a scroll of identify {unknown}
 h - a scroll of magic mapping
Potions
 f - a potion of flight {unknown}


   Skills:
 + Level 2.0 Fighting
 + Level 3.3 Dodging
 - Level 1.5 Stealth
 * Level 3.9 Spellcasting


You couldn't memorise any spells.
You knew the following spells:

 Your Spells              Type           Power      Damage    Failure   Level
a - Foxfire               Conj/Fire      64%        2x1d7     4%          1
b - Conjure Flame         Conj/Fire      16%        6-21      14%         3
c - Inner Flame           Hex/Fire       16%        N/A       14%         3
d - Sticky Flame          Conj/Fire      16%        2d4       43%         4
e - Fireball              Conj/Fire      8%         3d6       80%         5
f - Apportation           Tloc           32%        N/A       4%          1
g - Blink                 Tloc           N/A        N/A       8%          2
Your spell library was empty.

Dungeon Overview and Level Annotations

Branches:
Dungeon (3/15)

Altars:


Innate Abilities, Weirdness & Mutations

You are immune to poison.
Your flesh is very heat resistant. (rF++)
You are vulnerable to cold. (rC-)
You float through the air rather than walking.
You learn spells naturally, not from books.
Your magical power is your life essence.
You have superior vitality. (+4 HP)


Message History

Your foxfire dissipates!
There is a stone staircase leading up here.
As you read the scroll labelled HYITRO CUECUXT, it crumbles to dust.
You feel aware of your surroundings.
You sensed 1 shop/portal.
It was a scroll of magic mapping.
You fly upwards.
There is a stone staircase leading down here.
There is a stone staircase leading down here.
You fly downwards.
You hear the sound of rushing water.
There is an entrance to a sewer on this level.
Hurry and find it before the portal rusts away!
An iguana and a kobold come into view.
Found 23 gold pieces.
There is a stone staircase leading up here.
Casting: Foxfire (safe; 4% risk of failure)
Confirm with . or Enter, or press ? or * to list all spells.
You conjure some foxfire!
The iguana hisses angrily.
The kobold shouts!
The foxfire hits the iguana but does no damage.
The foxfire hits the iguana.
The iguana is lightly wounded.
Casting: Foxfire (safe; 4% risk of failure)
Confirm with . or Enter, or press ? or * to list all spells.
You conjure some foxfire!
The iguana bites you!
The foxfire hits the iguana.
The iguana is moderately wounded.
The foxfire hits the iguana.
The iguana is heavily wounded.
The iguana bites you! The kobold misses you.
Casting: Foxfire (safe; 4% risk of failure)
Confirm with . or Enter, or press ? or * to list all spells.
You conjure some foxfire!
The iguana bites you!
* * * LOW HITPOINT WARNING * * *
You block the kobold's attack.
The foxfire hits the kobold.
The kobold is severely wounded.
The foxfire hits the iguana.
The iguana is severely wounded.
The iguana bites you!
You die...

,,,* *,,,,,,,,**,* **,*
#.....,,,**,* *,*
##.....**,**,*
**,******#......,*,**,*
,,,,,,,,,...$...,*,**,*
,,,,,,,,,.......,*,**,*
**,*******#.$...##,#*,*
*,*
***###.....#.#*,*****
**,*
*,,......l@..#*,,,,,*
,,,*
*,*#####..K###*****,*
**** *,* ##.## *,* *,*
#.*** *,* *,* #.,,* *,*
*,* ##*,* *,* *,* *,*
*,*
*,*********,*******,*
*,,,,,,,,,,,**,,,,,,*


You could see an iguana and a kobold.

Vanquished Creatures
  A centaur skeleton (D:2)
  4 adders
  3 dart slugs (D:2)
  2 bats
  6 endoplasms
  2 giant cockroaches (D:1)
  2 goblins (D:1)
  3 hobgoblins
  5 jackals (D:1)
  5 quokkas
  3 ball pythons (D:2)
  A frilled lizard (D:2)
  5 kobolds (D:1)
  7 rats
49 creatures vanquished.

Vanquished Creatures (collateral kills)
  A foxfire (D:1)
1 creature vanquished.

Vanquished Creatures (others)
  4 demonic plants (D:1)
  145 foxfires
  A plant (D:1)
  2 withered plants (D:1)
152 creatures vanquished.

Grand Total: 202 creatures vanquished

Notes
Turn   | Place    | Note
-------+----------+-------------------------------------------
     0 | D:1      | wilfster70 the Djinni Fire Elementalist began the quest for
                  | the Orb.
     0 | D:1      | Reached XP level 1. HP: 15/15 MP: 0/0
   389 | D:1      | Reached XP level 2. HP: 5/22 MP: 0/0
  1348 | D:1      | Found a faded altar of an unknown god.
  1484 | D:1      | Reached skill level 1 in Fighting
  1673 | D:1      | Reached XP level 3. HP: 21/27 MP: 0/0
  1673 | D:1      | Learned a level 1 spell: Apportation
  2563 | D:2      | Reached XP level 4. HP: 22/32 MP: 0/0
  3219 | D:3      | Reached XP level 5. HP: 36/38 MP: 0/0
  3219 | D:3      | Learned a level 2 spell: Blink
  3257 | D:3      | Slain by an iguana

Illustrated notes

Levels and vault maps discovered:
D:1:      lemuel_arrival_funnel, layout_basic, shapermc_ecumenical_altar_gd
D:2:      layout_rooms
D:3:      layout_loops_ring, portal_sewer_entry_e, uniq_robin, uniq_sigmund

Skill      XL: |  1  2  3  4 |
---------------+-------------+-----
Spellcasting   | 3 |  3.9
Fighting       | 1 2 |  2.0
Dodging        | 3 |  3.3
Stealth        | |  1.5

Action                   |  1- 3 |  4- 6 || total
-------------------------+-------+-------++-------
Melee: Dagger            |    12 |       ||    12
       Short sword       |     8 |     3 ||    11
 Cast: Foxfire           |    49 |    29 ||    78
  Use: Scroll            |       |     1 ||     1
 Stab: Sleeping          |     2 |     2 ||     4
Armor: Leather armour    |    15 |     2 ||    17
Dodge: Dodged            |    43 |     9 ||    52
Block: Other             |    10 |     3 ||    13

Table legend: (Time is in decaauts)
 A = Elapsed time spent in this place.
 B = Non-inter-level travel time spent in this place.
 C = Inter-level travel time spent in this place.
 D = Time resting spent in this place.
 E = Time spent auto-exploring this place.
 F = Levels seen in this place.
 G = Mean time per level.
                   A        B        C        D        E       F      G
               +--------+--------+--------+--------+--------+-----+--------+
         Total |   3255 |   3196 |     59 |   1631 |    755 |   3 | 1085.0 |
       Dungeon |   3255 |   3196 |     59 |   1631 |    755 |   3 | 1085.0 |
               +--------+--------+--------+--------+--------+-----+--------+

Top non-repeatable levels by time:
     D:1: 2639 daAuts
     D:2: 590 daAuts
     D:3: 26 daAuts
